 Dungeon Crawl Stone Soup version 0.18-a0-965-g9200175 (webtiles) character file.

157084 Gorice the Spry (level 16, 0/82 HPs)
             Began as a Felid Wanderer on Dec 30, 2015.
             Was the Champion of Makhleb.
             Killed from afar by a deep troll earth mage (26 damage)
             ... with a blast of rock fragments
             ... led by an ironheart preserver
             ... on level 1 of the Vaults on Jan 1, 2016.
             The game lasted 06:53:52 (57419 turns).

Gorice the Spry (Felid Wanderer)                   Turns: 57419, Time: 06:53:53

Health: 0/82       AC:  7    Str: 11    XL:     16   Next: 49%
Magic:  31/31      EV: 34    Int: 18    God:    Makhleb [******]
Gold:   805        SH:  0    Dex: 18    Spells: 8 memorised, 15 levels left
                                        Lives:  0   Deaths: 5

rFire  . . .     SeeInvis +       - Unarmed
rCold  + . .     Gourm    .     (armour unavailable)
rNeg   . . .     Faith    .     (shield unavailable)
rPois  .         Spirit   .     (helmet unavailable)
rElec  .         Dismiss  .     (cloak unavailable)
rCorr  .         Reflect  .     (gloves unavailable)
SustAt .         Harm     .     (boots unavailable)
MR     ++...                    H - amulet of regeneration
Stlth  ++++++....               i - ring of invisibility
                                p - +4 ring of protection

@: repel missiles, quick, very resistant to hostile enchantments, very stealthy
A: no armour, no weapons or thrown items, claws 1, fangs 3, see invisible,
carnivore 3, speed 1, shaggy fur 3, slow metabolism 1, strong 1, subdued magic
1, sharp paws
a: Minor Destruction, Lesser Servant of Makhleb, Major Destruction, Greater
Servant of Makhleb, Renounce Religion, Evoke Invisibility
}: 2/15 runes: decaying, gossamer


You were on level 1 of the Vaults.
You worshipped Makhleb.
Makhleb was exalted by your worship.
You were full.

You visited 7 branches of the dungeon, and saw 35 of its levels.
You visited 1 bazaar.
You also visited: Labyrinth.

You collected 3176 gold pieces.
You spent 2371 gold pieces at shops.

Inventory:

Jewellery
 f - an uncursed ring of flight
 i - a ring of invisibility (right paw)
 n - an uncursed amulet of resist corrosion
 p - a +4 ring of protection (left paw)
 B - the ring "Ylletur" {rPois rC+ Str+3 Int-5 Dex+5}
   (You bought it in a shop on level 6 of the Dungeon)

   [ring of strength]

   It affects your strength (+3).
   It affects your intelligence (-5).
   It affects your dexterity (+5).
   It protects you from cold.
   It protects you from poison.
 F - the ring of Xuesev {Fire MR+}
   (You took it off a centaur on level 15 of the Dungeon)

   [ring of fire]

   It enhances your fire magic, and weakens your ice magic.
   It protects you from fire.
   It makes you vulnerable to cold.
   It affects your resistance to hostile enchantments.
 H - an amulet of regeneration (around neck)
 L - an uncursed ring of protection from fire
Wands
 c - a wand of fireball (5/15)
 e - a wand of cold (0/15)
 g - a wand of disintegration (13/24)
 l - a wand of teleportation (3/9) {!d}
 q - a wand of heal wounds (4/9) {!d}
 t - a wand of flame (6/48)
 w - a wand of fire (0/15)
 y - a wand of paralysis (6/24)
 I - a wand of confusion (5/48)
 J - a wand of confusion (22/48)
 K - a wand of fire (2/15)
 R - a wand of enslavement (7/24)
 S - a wand of digging (9/24)
Scrolls
 a - 3 scrolls of blinking
 b - 20 scrolls of identify
 h - 6 scrolls of remove curse
 j - 6 scrolls of teleportation {!r}
 m - 4 scrolls of fog
 z - 5 scrolls of magic mapping {!r}
 G - a scroll of summoning {!r}
 W - 2 scrolls of fear {!r}
Potions
 o - 8 potions of might {!q}
 u - 3 potions of curing
 A - 2 potions of cancellation {!q}
 C - 2 potions of invisibility {!q}
 D - a potion of flight
 P - a potion of berserk rage
 Y - 2 potions of haste {!q}
Books
 E - a book of the Tempests
Miscellaneous
 s - a fan of gales
 v - a lamp of fire
 x - a disc of storms
Comestibles
 d - 18 meat rations {!e}
 k - 8 beef jerkies


   Skills:
 + Level 16.0 Fighting
 - Level 18.6 Dodging
 - Level 10.0 Stealth
 - Level 16.8 Unarmed Combat
 - Level 10.1 Spellcasting
 + Level 4.2 Hexes
 - Level 8.0 Charms
 - Level 11.0 Translocations
 - Level 5.6 Air Magic
 * Level 11.1 Invocations
 - Level 10.0 Evocations


You had 15 spell levels left.
You knew the following spells:

 Your Spells              Type           Power        Failure   Level  Hunger
a - Confusing Touch       Hex            ###...       1%          2    None
c - Confuse               Hex            ###.....     1%          3    None
g - Shroud of Golubria    Chrm/Tloc      ####......   1%          2    None
p - Passage of Golubria   Tloc           N/A          1%          4    ###....
J - Blink                 Tloc           N/A          0%          2    None
M - Repel Missiles        Chrm/Air       ###...       1%          2    None
R - Regeneration          Chrm/Necr      ###.......   1%          3    None
S - Swiftness             Chrm/Air       ###.....     1%          2    None


Dungeon Overview and Level Annotations

Branches:
Dungeon (15/15)            Temple (1/1) D:7            Lair (8/8) D:9
  Swamp (4/4) Lair:3       Spider (4/4) Lair:5        Slime (0/6) Lair:8
    Orc (2/2) D:9             Elf (0/3) Orc:2        Vaults (1/5) D:14
 Depths (0/5) D:15

Altars:
Ashenzari
Cheibriados
Dithmenos
Elyvilon
Fedhas
Kikubaaqudgha
Makhleb
Okawaru
Qazlal
Ru
Sif Muna
Yredelemnul

Shops:
D:6 ([=   D:7 *   D:12 ?   D:13 }   Orc:2 ***%[?:*

Portals:
Pandemonium: Orc:2
Trove: D:10 (give 22 scrolls of identify)

Annotations:
D:2 Crazy Yiuf
D:5 1 runed door - angel, exclusion: oklob plant
D:15 pUX: big vault (can bypass for Depths)
Lair:7 vpUX: deep water+lava vault


Innate Abilities, Weirdness & Mutations

You cannot wear armour.
You are incapable of wielding weapons or throwing items.
You have sharp claws.
You have razor-sharp teeth.
You have supernaturally acute eyesight.
You are carnivorous and can eat meat at any time.
You cover ground quickly.
Your thick and shaggy fur keeps you warm (AC +3, rC+).
You have a slow metabolism.
Your sharp claws are effective at attacking unaware monsters.
Your muscles are strong. (Str +2)
Your spells are a little easier to cast, but a little less powerful.


Message History

The deep troll completely misses you. The deep troll closely misses you.
The deep troll claws you! x2
Damage: 34 (max 34)
You claw the deep troll!
The deep troll is heavily wounded.
The deep troll misses you. The deep troll completely misses you.
The deep troll misses you.
You closely miss the deep troll.
You bite the deep troll, but do no damage.
The deep troll is heavily wounded.
The deep troll completely misses you. x3
You completely miss the deep troll. Your bite misses the deep troll.
The deep troll is heavily wounded.
The deep troll completely misses you. x2
The deep troll claws you!
* * * LOW HITPOINT WARNING * * *
The deep troll misses you. The deep troll closely misses you.
The deep troll completely misses you.
Damage: 17 (max 34) Unknown command.
The deep troll completely misses you. The deep troll claws you!
* * * LOW HITPOINT WARNING * * *
The deep troll claws you.
* * * LOW HITPOINT WARNING * * *
Damage: 8 (max 34)
The deep troll closely misses you. The deep troll completely misses you.
The deep troll completely misses you.
The ironbrand convoker shouts!
The ironbrand convoker begins to recite a word of recall!
You see here a potion of curing.
The troll is recalled.
A troll comes into view.
The orc wizard shouts!
You claw the deep troll earth mage!
You bite the deep troll earth mage, but do no damage.
The deep troll earth mage is moderately wounded.
The deep troll earth mage bites you.
The deep troll earth mage completely misses you. x2
Damage: 3 (max 3) Unknown command.
The deep troll earth mage bites you. The deep troll earth mage claws you!
The deep troll earth mage misses you.
Damage: 11 (max 11)
The deep troll earth mage bites you!
The deep troll earth mage claws you but does no damage.
The deep troll earth mage completely misses you.
Damage: 9 (max 11)
The deep troll earth mage casts a spell next to you.
The wall shatters!
The blast of rock fragments hits you!
You die...

#......#...##).....##..#
#...[..#..##.......'...#
#......####.†......'...#
#......#....#''#...##..# .....
#......#..)##..##...#### .....
#......#..##....##.....# ....
########..#......#.)...# ...
############'#####'#############'
o...o......T.T..@................
.................................
T###'####.......##'#'###.........
.#..... #.......#......#....#####
.#......#.......#.T....#....#
.#......#.......'......#....#
.#......#.......#......#....#
.#......#.......#......#....# .#
#.......#......#....#


You could see a deep troll earth mage and a troll.

Vanquished Creatures
  Jorgrun (Spider:3)
  5 thorn hunters
  A tengu reaver (D:15)
  2 fire giants (D:15)
  2 vault wardens (Vaults:1)
  4 ghost moths
  A frost giant (D:15)
  6 emperor scorpions (Spider:4)
  A very ugly thing (Swamp:1)
  3 ironheart preservers (Vaults:1)
  Nessos (D:14)
  The ghost of tof the Covert, a journeyman VSAs of Dithmenos (D:13)
  3 vault guards (D:14)
  2 great orbs of eyes (D:15)
  5 entropy weavers
  2 yaktaur captains
  A minotaur (Lab)
  An ice dragon (D:15)
  6 centaur warriors
  22 hydras
  A ghost crab (Swamp:4)
  3 catoblepae (Lair:8)
  2 death knights (D:15)
  8 ogre magi
  14 death yaks
  A deep troll earth mage (D:15)
  A tengu warrior (D:15)
  Urug (Lair:2)
  8 alligators
  6 orc high priests (Orc:2)
  Sonja (D:10)
  5 skeletal warriors (D:14)
  2 unseen horrors
  3 shambling mangroves
  2 deep trolls (Vaults:1)
  A torturous demonspawn (Orc:2)
  3 ironbrand convokers (Vaults:1)
  A wizard (D:14)
  2 putrid demonspawn (Orc:2)
  6 hill giants
  8 swamp dragons
  A hill giant (shapeshifter) (D:15)
  6 griffons
  A necromancer (D:15)
  9 hornets
  5 deep elf magi
  A manticore (D:15)
  16 orb spiders
  12 orc knights
  6 orc sorcerers
  31 wolf spiders
  17 ugly things
  A sixfirhy (Orc:2)
  3 moths of wrath
  An eye of devastation (shapeshifter) (D:14)
  8 cyclopes
  A rust devil (Orc:2)
  4 vault sentinels (Vaults:1)
  8 black mambas
  A smoke demon (Orc:2)
  12 elephants
  3 torpor snails
  24 spiny frogs
  3 gargoyles
  2 hellwings (Orc:2)
  2 kobold demonologists (D:15)
  2 efreet
  A tengu conjurer (D:14)
  6 yaktaurs
  12 demonic crawlers
  2 ice devils (Orc:2)
  44 jumping spiders
  A merfolk (D:9)
  6 two-headed ogres
  A harpy zombie (D:15)
  6 komodo dragons
  A red devil (Orc:2)
  3 freezing wraiths (D:15)
  11 trolls
  7 bog bodies
  7 giant leeches
  25 blink frogs
  24 slime creatures
  6 wraiths
  53 redbacks
  2 centaur simulacra (D:15)
  28 trapdoor spiders
  6 shadows
  26 tarantellas
  A tarantella (shapeshifter) (D:15)
  3 wyverns
  2 basilisks
  7 spriggans
  A vampire (D:15)
  7 hippogriffs
  6 hungry ghosts
  35 yaks
  Edmund (D:4)
  13 vampire mosquitoes
  21 insubstantial wisps
  A warg (Orc:2)
  A soldier ant (D:15)
  17 swamp worms
  12 water moccasins
  An eye of draining (D:13)
  12 wolves (Lair:5)
  6 sky beasts
  10 porcupines
  2 necrophages
  10 ice beasts
  The ghost of braks the Skirmisher, an amateur DrFi (D:3)
  10 swamp drakes
  A black bear (Lair:3)
  3 boggarts (D:14)
  25 ogres
  2 phantoms
  10 crocodiles
  49 orc warriors
  14 centaurs
  11 wasps
  17 giant frogs
  Blork the orc (D:4)
  A gnoll sergeant (D:10)
  A big kobold (D:15)
  2 wyvern zombies
  A wyvern skeleton (D:13)
  7 electric eels
  3 vampire bats (Lair:3)
  40 killer bees
  3 scorpions
  4 wights (D:13)
  7 hounds
  4 centaur zombies
  A gnoll shaman (D:8)
  An iron imp (Orc:1)
  8 centaur skeletons
  9 crimson imps
  2 giant frog zombies
  7 jellies
  35 orc priests
  Jessica (D:6)
  2 giant frog skeletons
  Ijyb (D:3)
  24 orc wizards
  7 worker ants
  17 iguanas
  Natasha (twice) (D:3)
  8 sheep
  2 hound zombies
  A hound skeleton (D:8)
  A worker ant zombie (D:5)
  10 gnolls
  78 river rats
  7 adders
  6 shadow imps
  A white imp (Orc:1)
  2 oozes
  3 worms
  An adder skeleton (D:7)
  2 adder zombies (D:8)
  156 orcs
  A ball python (D:3)
  17 bats
  5 giant cockroaches
  8 goblins
  10 hobgoblins
  10 jackals
  11 kobolds
  4 quokkas
  7 giant geckos
  A giant gecko skeleton (D:7)
  2 giant newts
  2 jackal skeletons (D:4)
  A quokka skeleton (D:4)
  A quokka zombie (D:5)
  11 rats
  5 briar patches (Swamp:4)
1484 creatures vanquished.

Vanquished Creatures (collateral kills)
  A fire giant (D:15)
  The ghost of JokEr the Warrior, a journeyman MiFi of Okawaru (Lair:7)
  2 yaktaur captains
  Erolcha (D:8)
  An entropy weaver (Spider:2)
  9 hydras
  A death knight (D:15)
  A centaur warrior (D:15)
  An alligator (Swamp:4)
  A deep troll earth mage (D:15)
  2 death yaks (Lair:6)
  A griffon (D:15)
  A komodo dragon (Lair:1)
  2 spiny frogs
  A centaur skeleton (D:15)
  A yaktaur (Vaults:1)
  A queen bee (Lair:3)
  A spriggan (Swamp:1)
  A wyvern (D:9)
  An insubstantial wisp (Swamp:1)
  An orc warrior (D:7)
  A porcupine (Lair:7)
  3 ice beasts (D:7)
  3 wasps
  A crocodile (Lair:1)
  2 giant frogs
  A jelly (D:15)
  8 killer bees
  An orc wizard (D:7)
  2 iguanas
  A gnoll (D:8)
  2 river rats (Lair:1)
  An ooze (Lair:8)
  An orc (D:8)
  A quokka (D:8)
  A goblin (D:9)
  2 fungi (Lair:7)
63 creatures vanquished.

Vanquished Creatures (others)
  An ogre mage (D:15)
  A wolf spider (Spider:4)
  A black mamba (Lair:8)
  A spiny frog (Lair:8)
  2 jumping spiders (Spider:1)
  A jelly (D:15)
  6 briar patches (Swamp:4)
  12 fungi
  27 plants
52 creatures vanquished.

Grand Total: 1599 creatures vanquished

Notes
Turn   | Place    | Note
--------------------------------------------------------------
     0 | D:1      | Gorice the Felid Wanderer began the quest for the Orb.
     0 | D:1      | Gorice set off with: 2 scrolls of blinking, a potion of curing, a potion of lignification {!q}, a meat ration {!e}
     0 | D:1      | Reached XP level 1. HP: 9/9 MP: 2/2
   175 | D:1      | Reached skill level 3 in Dodging
   193 | D:1      | Reached XP level 2. HP: 8/13 MP: 3/3
   819 | D:2      | Found a sacrificial altar of Ru.
   820 | D:2      | Found a snail-covered altar of Cheibriados.
  1063 | D:2      | Reached XP level 3. HP: 16/16 MP: 4/4
  1261 | D:2      | Found a burning altar of Makhleb.
  1385 | D:2      | Noticed Crazy Yiuf
  1564 | D:2      | Became a worshipper of Makhleb the Destroyer
  1575 | D:3      | Noticed Jessica
  1681 | D:3      | Noticed braks's ghost (amateur DrFi)
  1893 | D:3      | Noticed Ijyb
  2236 | D:3      | Reached XP level 4. HP: 18/20 MP: 5/5
  2246 | D:3      | Reached skill level 3 in Fighting
  2363 | D:3      | Reached * piety under Makhleb
  2382 | D:3      | Noticed Natasha
  2435 | D:3      | Killed Ijyb
  2435 | D:3      | Reached skill level 5 in Unarmed Combat
  2445 | D:3      | Killed Natasha
  2488 | D:3      | Reached XP level 5. HP: 18/24 MP: 6/6
  3057 | D:3      | Noticed Natasha
  3564 | D:4      | Reached ** piety under Makhleb
  3676 | D:4      | Noticed Edmund
  3760 | D:4      | Reached skill level 4 in Dodging
  3804 | D:4      | Noticed Blork the orc
  3830 | D:4      | Killed Blork the orc
  4081 | D:4      | Gained mutation: You are covered in thick fur (AC +2). [Felid growth]
  4081 | D:4      | Reached XP level 6. HP: 17/28 MP: 7/7
  4190 | D:4      | Reached skill level 4 in Fighting
  4190 | D:4      | Reached skill level 6 in Unarmed Combat
  5128 | D:4      | HP: 6/28 [phantom (8)]
  5145 | D:4      | Reached skill level 5 in Dodging
  5145 | D:4      | Reached XP level 7. HP: 29/33 MP: 8/8
  5319 | D:3      | Killed braks's ghost
  5442 | D:5      | Entered Level 5 of the Dungeon
  5516 | D:5      | Found an iron altar of Okawaru.
  5591 | D:5      | Found a blossoming altar of Fedhas.
  5609 | D:5      | Noticed an oklob plant
  5657 | D:5      | Reached skill level 7 in Unarmed Combat
  5791 | D:5      | Found a shadowy altar of Dithmenos.
  5887 | D:5      | Found a white marble altar of Elyvilon.
  5887 | D:5      | Found a runed door.
  5887 | D:5      | Noticed an angel
  6070 | D:5      | Found a deep blue altar of Sif Muna.
  6235 | D:6      | Found a shattered altar of Ashenzari.
  6570 | D:6      | Killed Jessica
  6760 | D:5      | HP: 9/33 [poisoned by a water moccasin]
  6768 | D:5      | Reached skill level 5 in Fighting
  6768 | D:5      | Reached skill level 6 in Dodging
  6787 | D:6      | HP: 9/33 [phantom (3)]
  6795 | D:6      | HP: 9/33 [shadow imp (1)]
  6797 | D:6      | Reached *** piety under Makhleb
  6799 | D:6      | HP: 4/33 [phantom (8)]
  6805 | D:6      | HP: 4/33 [phantom (4)]
  6806 | D:6      | Slain by a phantom
  6807 | D:6      | Reached XP level 6. HP: -1/30 MP: 7/7
  6848 | D:6      | Reached XP level 7. HP: 24/33 MP: 8/8
  6930 | D:6      | Reached skill level 8 in Unarmed Combat
  6978 | D:6      | Found Semu Wuth's Weapon Shop.
  7159 | D:7      | Found a staircase to the Ecumenical Temple.
  7160 | D:7      | HP: 6/33 [orc wizard/dagger (4)]
  7524 | D:7      | Reached skill level 1 in Invocations
  7714 | D:7      | HP: 8/33 [ice beast (13)]
  7724 | D:6      | Found Hoyn's Armour Boutique.
  7989 | Temple   | Entered the Ecumenical Temple
  8139 | D:7      | Reached skill level 7 in Dodging
  8139 | D:7      | Reached skill level 2 in Invocations
  8139 | D:7      | Reached XP level 8. HP: 36/38 MP: 10/10
  8197 | D:7      | Slain by an orc warrior
  8198 | D:7      | Reached XP level 7. HP: -2/34 MP: 9/9
  8335 | D:7      | Found Bued Cep's Elemental Accessories.
  8376 | D:7      | Reached skill level 6 in Fighting
  8376 | D:7      | Reached skill level 9 in Unarmed Combat
  8517 | D:7      | Reached XP level 8. HP: 34/38 MP: 11/11
  8710 | D:7      | Reached skill level 3 in Invocations
  8892 | D:7      | HP: 11/38 [orc/falchion of slicing (1)]
  9212 | D:8      | Reached **** piety under Makhleb
  9230 | D:8      | Noticed Erolcha
  9255 | D:8      | Killed Erolcha
  9255 | D:8      | Reached skill level 8 in Dodging
  9536 | D:8      | Noticed a cyan ugly thing
  9557 | D:8      | HP: 7/39 [cyan ugly thing (17)]
  9563 | D:8      | Killed a cyan ugly thing
  9563 | D:8      | Reached skill level 10 in Unarmed Combat
  9563 | D:8      | Reached skill level 4 in Invocations
  9563 | D:8      | Reached XP level 9. HP: 24/42 MP: 11/13
  9822 | D:8      | Reached skill level 7 in Fighting
 10180 | D:8      | Reached skill level 9 in Dodging
 10685 | D:9      | HP: 9/43 [killer bee (4)]
 10693 | D:9      | HP: 8/43 [poisoned by a killer bee]
 11017 | D:9      | Found a staircase to the Orcish Mines.
 11071 | D:9      | Noticed a komodo dragon
 11092 | D:9      | Killed a komodo dragon
 11254 | D:9      | Reached skill level 5 in Invocations
 11508 | D:9      | Found a stormy altar of Qazlal.
 11532 | D:9      | Reached XP level 10. HP: 47/47 MP: 14/14
 11660 | D:9      | Reached skill level 11 in Unarmed Combat
 11801 | D:9      | Reached ***** piety under Makhleb
 11966 | D:9      | Found a staircase to the Lair.
 12337 | D:3      | Killed Natasha
 12453 | D:4      | Killed Edmund
 12541 | D:6      | Reached skill level 8 in Fighting
 12572 | D:6      | Reached skill level 10 in Dodging
 12579 | D:6      | Found Kaetoepn's Jewellery Boutique.
 12597 | D:6      | Bought the ring "Ylletur" {rPois rC+ Str+3 Int-5 Dex+5} for 406 gold pieces
 12932 | Lair:1   | Entered Level 1 of the Lair of Beasts
 13038 | Lair:1   | Noticed a four-headed hydra
 13056 | Lair:1   | Killed a four-headed hydra
 13056 | Lair:1   | Reached skill level 6 in Invocations
 13138 | Lair:1   | Reached skill level 12 in Unarmed Combat
 13215 | Lair:1   | HP: 14/48 [electric eel/bolt of electricity (15)]
 13525 | Lair:1   | Noticed a four-headed hydra
 13534 | Lair:1   | Killed a four-headed hydra
 13534 | Lair:1   | Reached XP level 11. HP: 16/52 MP: 16/16
 13797 | Lair:1   | HP: 11/52 [black mamba (7)]
 14386 | Lair:1   | HP: 11/52 [electric eel/bolt of electricity (7)]
 14610 | Lair:1   | Noticed a seven-headed hydra
 14652 | Lair:1   | Killed a seven-headed hydra
 14721 | Lair:1   | You fall through a shaft!
 14724 | Lair:2   | Reached skill level 11 in Dodging
 15081 | Lair:2   | Noticed an eight-headed hydra
 15088 | Lair:2   | Killed an eight-headed hydra
 15105 | Lair:2   | Reached skill level 9 in Fighting
 15105 | Lair:2   | Reached skill level 7 in Invocations
 15383 | Lair:2   | Noticed a seven-headed hydra
 15483 | Lair:2   | Killed a seven-headed hydra
 15483 | Lair:2   | Reached skill level 13 in Unarmed Combat
 15743 | Lair:2   | Noticed Urug
 15756 | Lair:2   | Killed Urug
 16384 | Lair:3   | HP: 2/53 [killer bee (14)]
 16389 | Lair:3   | HP: 10/53 [poisoned by a killer bee]
 16755 | Lair:3   | Reached skill level 12 in Dodging
 16794 | Lair:3   | Gained mutation: Your thick and shaggy fur keeps you warm (AC +3, rC+). [Felid growth]
 16794 | Lair:3   | Reached XP level 12. HP: 54/57 MP: 18/18
 17044 | Lair:3   | Found a staircase to the Swamp.
 17144 | Lair:3   | Reached skill level 8 in Invocations
 18227 | Lair:4   | Reached ****** piety under Makhleb
 18292 | Lair:4   | Reached skill level 14 in Unarmed Combat
 18637 | Lair:4   | Reached skill level 10 in Fighting
 19292 | Lair:5   | Reached skill level 13 in Dodging
 19439 | Lair:5   | Found a hole to the Spider Nest.
 19482 | Lair:5   | Reached skill level 9 in Invocations
 19947 | Lair:6   | Reached XP level 13. HP: 62/62 MP: 20/20
 21141 | Lair:6   | HP: 13/62 [seven-headed hydra (12)]
 21566 | Lair:6   | HP: 17/62 [death yak (23)]
 21567 | Lair:6   | HP: 2/62 [death yak (15)]
 21897 | Lair:7   | Found a blossoming altar of Fedhas.
 21946 | Lair:6   | Reached skill level 15 in Unarmed Combat
 22107 | Lair:7   | Reached skill level 14 in Dodging
 22230 | Lair:7   | Reached skill level 11 in Fighting
 22330 | Lair:7   | Reached skill level 10 in Invocations
 22425 | Lair:7   | Noticed JokEr's ghost (journeyman MiFi)
 22500 | Lair:7   | HP: 2/63 [porcupine's spines (12)]
 22729 | Lair:7   | HP: 2/63 [JokEr's ghost (28)]
 22737 | Lair:7   | Killed JokEr's ghost
 23518 | Lair:8   | Entered Level 8 of the Lair of Beasts
 23898 | Lair:8   | HP: 12/63 [eight-headed hydra (11)]
 24180 | Lair:8   | Found a staircase to the Slime Pits.
 24539 | Lair:8   | HP: 16/63 [something/blast of calcifying dust (7)]
 24714 | Orc:1    | Entered Level 1 of the Orcish Mines
 24893 | Orc:2    | Entered Level 2 of the Orcish Mines
 25044 | Orc:2    | Found Siwkub's Assorted Antiques.
 25742 | Orc:2    | Found Cexe's General Store.
 25785 | Orc:2    | Found Qacvul's General Store.
 25804 | Orc:2    | Found Vuovim's Assorted Antiques.
 25837 | Orc:2    | Bought a small steel ring for 95 gold pieces
 25837 | Orc:2    | Bought a scroll labeled GONIRU HEACIU for 19 gold pieces
 25837 | Orc:2    | Bought a glowing jade ring for 95 gold pieces
 25959 | Orc:2    | Found Nowosh's Food Shop.
 26053 | Orc:2    | Reached XP level 14. HP: 42/68 MP: 22/22
 26172 | Orc:2    | Reached skill level 15 in Dodging
 26927 | Orc:2    | Found a staircase to the Elven Halls.
 27393 | Orc:1    | Reached skill level 11 in Invocations
 27632 | Orc:1    | Learned a level 2 spell: Blink
 27635 | Orc:1    | Learned a level 2 spell: Repel Missiles
 27705 | Orc:2    | Reached skill level 12 in Fighting
 27714 | Orc:2    | Found Qeacuynn's Magic Scroll Boutique.
 28980 | Orc:2    | Gained mutation: Your spells are a little easier to cast, but a little less powerful. [a neqoxec]
 29728 | Orc:2    | Reached skill level 16 in Dodging
 29802 | Orc:2    | Reached skill level 1 in Charms
 29802 | Orc:2    | Reached skill level 1 in Translocations
 29856 | Orc:2    | Reached skill level 1 in Spellcasting
 29865 | Orc:2    | Reached skill level 2 in Charms
 29865 | Orc:2    | Reached skill level 1 in Air Magic
 29896 | Orc:2    | Found Qeusor's Antique Armour Shoppe.
 29896 | Orc:2    | Found Vuirgh's Book Emporium.
 29896 | Orc:2    | Found a one-way gate leading to the halls of Pandemonium.
 30479 | Orc:2    | Reached skill level 2 in Translocations
 30479 | Orc:2    | Reached skill level 2 in Air Magic
 30539 | Orc:2    | Reached skill level 3 in Charms
 30649 | Orc:2    | Bought a blackened ivory ring for 125 gold pieces
 30723 | D:6      | Bought an uncursed amulet of regeneration for 360 gold pieces
 30809 | Lair:1   | Learned a level 2 spell: Shroud of Golubria
 30812 | Lair:1   | Learned a level 2 spell: Swiftness
 30847 | D:10     | Entered Level 10 of the Dungeon
 31051 | D:10     | Noticed Sonja
 31140 | D:10     | Killed Sonja
 31194 | D:10     | Reached skill level 2 in Spellcasting
 31342 | D:10     | Found a portal to a secret trove of treasure.
 31498 | D:10     | Reached skill level 3 in Air Magic
 31883 | D:11     | Reached skill level 3 in Translocations
 32526 | D:12     | --Oh FFS: ice cave, lab and a timed bazaar all on this level!
 32540 | D:12     | Found a frozen archway.
 32572 | D:12     | Found a flickering gateway to a bazaar.
 32577 | Bazaar   | Entered a bazaar
 32589 | Bazaar   | Found Susuj's Magic Scroll Emporium.
 32590 | Bazaar   | Found Owauv's General Store.
 32597 | Bazaar   | Bought a scroll of identify for 18 gold pieces
 32609 | Bazaar   | Bought a scroll of identify for 26 gold pieces
 32609 | Bazaar   | Bought a scroll of identify for 26 gold pieces
 32623 | Bazaar   | Found Baecleoq's Antique Weapon Shoppe.
 32623 | Bazaar   | Found Nemag's Food Shoppe.
 32662 | Bazaar   | Bought a phantom mirror for 270 gold pieces
 32703 | D:12     | Found a labyrinth entrance.
 32712 | Lab      | Entered a labyrinth
 33760 | D:12     | Found Dudy's Magic Scroll Shop.
 33767 | D:12     | Bought a scroll of identify for 30 gold pieces
 33767 | D:12     | Bought a scroll of identify for 30 gold pieces
 33767 | D:12     | Bought a scroll of identify for 30 gold pieces
 33767 | D:12     | Bought a scroll of fear for 52 gold pieces
 34524 | Lair:1   | Learned a level 3 spell: Regeneration
 34619 | D:13     | Noticed tof's ghost (journeyman VSAs)
 34652 | D:13     | Killed tof's ghost
 34652 | D:13     | Reached skill level 4 in Charms
 34699 | D:13     | Reached skill level 4 in Air Magic
 34759 | D:13     | Reached skill level 4 in Translocations
 34826 | D:13     | Found Ceifeosai's Quality Used Wands.
 35466 | D:14     | Reached skill level 3 in Spellcasting
 35551 | D:14     | Reached XP level 15. HP: 44/73 MP: 24/24
 35675 | D:14     | Reached skill level 13 in Fighting
 35692 | D:14     | Reached skill level 5 in Translocations
 36041 | D:14     | Noticed Nessos
 36057 | D:14     | Killed Nessos
 36059 | D:14     | Reached skill level 5 in Air Magic
 36741 | D:14     | HP: 16/73 [red ugly thing (12)]
 37194 | D:14     | Reached skill level 5 in Charms
 37202 | D:14     | Reached skill level 6 in Translocations
 37438 | D:14     | Reached skill level 4 in Spellcasting
 37848 | D:14     | Reached skill level 3 in Stealth
 37848 | D:14     | Reached skill level 1 in Evocations
 37959 | D:14     | Reached skill level 2 in Evocations
 38000 | D:14     | HP: 20/74 [skeletal warrior/hand axe (25)]
 38125 | D:14     | Reached skill level 4 in Stealth
 38246 | D:14     | Found a gate to the Vaults.
 38264 | D:14     | Reached skill level 3 in Evocations
 38377 | D:15     | Entered Level 15 of the Dungeon
 38408 | D:15     | Reached skill level 6 in Charms
 38644 | D:15     | Reached skill level 4 in Evocations
 38708 | D:15     | Found a stormy altar of Qazlal.
 38772 | D:15     | Reached skill level 5 in Stealth
 38839 | D:15     | Found a staircase to the Depths.
 39336 | Lair:1   | Identified a scroll of acquirement
 39337 | Lair:1   | Got a steaming steel amulet
 39338 | Lair:1   | Identified the amulet of Wauniot {Spirit rF+} (You acquired it on level 1 of the Lair of Beasts)
 39473 | D:13     | Bought a wand of heal wounds (0/9) for 384 gold pieces
 39807 | Lair:8   | Reached skill level 5 in Evocations
 39974 | Lair:8   | HP: 17/74 [death yak (11)]
 40265 | Lair:7   | Reached skill level 5 in Spellcasting
 40296 | Lair:7   | Reached skill level 6 in Stealth
 40296 | Lair:7   | Reached skill level 7 in Charms
 40517 | Lair:8   | Reached XP level 16. HP: 52/78 MP: 21/25
 40813 | Lair:8   | Reached skill level 6 in Evocations
 41249 | Swamp:1  | Entered Level 1 of the Swamp
 41574 | Swamp:1  | HP: 21/78 [shambling mangrove (13)]
 41606 | Swamp:1  | HP: 21/78 [swamp worm (19)]
 41611 | Swamp:1  | HP: 9/78 [swamp worm (15)]
 41795 | Swamp:1  | HP: 21/79 [spriggan rider/spear (11)]
 42115 | Swamp:1  | Reached skill level 7 in Stealth
 42170 | Swamp:1  | HP: 11/79 [five-headed hydra (15)]
 42177 | Swamp:1  | Reached skill level 7 in Evocations
 42776 | Swamp:1  | Reached skill level 8 in Charms
 43134 | Swamp:2  | Reached skill level 6 in Spellcasting
 43231 | Swamp:2  | HP: 16/79 [spriggan rider/spear (22)]
 43239 | Swamp:2  | HP: 22/79 [spriggan rider/spear (18)]
 43242 | Swamp:2  | HP: 6/79 [spriggan rider/spear (13)]
 43315 | Swamp:2  | Reached skill level 7 in Translocations
 43704 | Swamp:2  | Reached skill level 8 in Evocations
 43807 | Swamp:3  | Reached skill level 8 in Stealth
 44281 | Swamp:3  | Reached skill level 14 in Fighting
 44607 | D:12     | Bought a scroll of recharging for 142 gold pieces
 44757 | Spider:1 | Entered Level 1 of the Spider Nest
 45024 | Spider:1 | Reached skill level 8 in Translocations
 45377 | Spider:1 | HP: 18/79 [redback[a torpor snail] (14)]
 45382 | Spider:1 | HP: 19/79 [redback[a torpor snail] (6)]
 45385 | Spider:1 | HP: 5/79 [redback[a torpor snail] (15)]
 45720 | Spider:1 | Reached skill level 9 in Evocations
 45942 | Spider:1 | Reached skill level 9 in Stealth
 45952 | Spider:1 | HP: 13/79 [jumping spider (12)]
 46946 | D:15     | Found a basalt altar of Yredelemnul.
 46946 | D:15     | Found an ancient bone altar of Kikubaaqudgha.
 46985 | D:15     | Reached skill level 7 in Spellcasting
 47079 | D:15     | Killed from afar by a deep troll earth mage
 47080 | D:15     | Reached XP level 15. HP: -9/75 MP: 26/26
 47105 | D:15     | HP: 17/75 [deep troll earth mage (13)]
 47108 | D:15     | HP: 3/75 [deep troll earth mage/blast of rock fragments (16)]
 47109 | D:15     | Reached XP level 16. HP: 32/79 MP: 24/27
 47266 | D:15     | HP: 18/79 [tengu warrior/war axe (11)]
 47294 | D:15     | HP: 17/79 [tengu warrior/war axe (16)]
 47419 | D:15     | Upgraded the game from 0.18-a0-952-g309898a to 0.18-a0-960-g77c8fc5
 47483 | D:15     | Reached skill level 9 in Translocations
 47622 | D:15     | HP: 16/79 [death knight/enchanted battleaxe (31)]
 47766 | D:15     | Reached skill level 10 in Evocations
 47954 | D:15     | HP: 9/80 [fire giant/fireball (21)]
 48048 | D:15     | Reached skill level 10 in Stealth
 48138 | D:15     | Reached skill level 10 in Translocations
 48142 | D:15     | Got a clouded brass ring
 48441 | D:15     | Noticed a tengu reaver
 48496 | D:15     | Killed a tengu reaver
 48635 | D:15     | Identified the ring of Xuesev {Fire MR+} (You took it off a centaur on level 15 of the Dungeon)
 48819 | D:15     | HP: 20/80 [great orb of eyes (15)]
 48822 | D:15     | Reached skill level 8 in Spellcasting
 49208 | Lair:1   | Learned a level 4 spell: Passage of Golubria
 49455 | Spider:2 | Reached skill level 11 in Translocations
 49754 | Spider:2 | Reached skill level 15 in Fighting
 50305 | Spider:1 | Reached skill level 9 in Spellcasting
 50469 | Spider:2 | Gorice: intermission...
 50841 | Spider:3 | Reached XP level 17. HP: 85/85 MP: 31/31
 50929 | Spider:3 | Noticed Jorgrun
 50945 | Spider:3 | Killed Jorgrun
 51220 | Spider:4 | Entered Level 4 of the Spider Nest
 52173 | Spider:4 | HP: 16/85 [jumping spider (13)]
 52365 | Spider:4 | Reached skill level 17 in Dodging
 53348 | Spider:4 | Reached skill level 16 in Unarmed Combat
 53410 | Spider:4 | Got a gossamer rune of Zot
 53690 | Swamp:4  | Entered Level 4 of the Swamp
 53736 | Swamp:4  | HP: 22/85 [seven-headed hydra (14)]
 53744 | Swamp:4  | HP: 24/85 [alligator (6)]
 53819 | Swamp:4  | Gained mutation: Your muscles are strong. (Str +2) [potion of beneficial mutation]
 54284 | Swamp:3  | Reached skill level 10 in Spellcasting
 54320 | Swamp:3  | HP: 17/85 [six-headed hydra (12)]
 54431 | Swamp:3  | Reached skill level 18 in Dodging
 54581 | Swamp:3  | Reached XP level 18. HP: 90/90 MP: 33/33
 54588 | Swamp:3  | HP: 18/90 [eight-headed hydra (12)]
 54728 | Swamp:4  | HP: 11/90 [thorn hunter/volley of thorns (27)]
 54742 | Swamp:4  | HP: 12/90 [thorn hunter/volley of thorns (26)]
 54843 | Swamp:4  | Learned a level 2 spell: Confusing Touch
 54847 | Swamp:4  | Learned a level 3 spell: Confuse
 55145 | Swamp:4  | Got a decaying rune of Zot
 55516 | Vaults:1 | Entered Level 1 of the Vaults
 55529 | Vaults:1 | Reached skill level 1 in Hexes
 55640 | Vaults:1 | HP: 17/90 [yaktaur captain (41)]
 55645 | Vaults:1 | HP: 20/90 [yaktaur[a vault warden] (14)]
 55727 | D:14     | Reached skill level 2 in Hexes
 56090 | Vaults:1 | Reached skill level 3 in Hexes
 56232 | Vaults:1 | Reached skill level 16 in Fighting
 56268 | Vaults:1 | HP: 25/90 [fire giant/fireball (65)]
 56269 | Vaults:1 | HP: 11/90 [fire giant/great sword of flaming (14)]
 56276 | Vaults:1 | HP: 23/90 [fire giant/bolt of fire (13)]
 56279 | Vaults:1 | HP: 5/90 [ogre mage/halberd (19)]
 56282 | Vaults:1 | HP: 2/90 [fire giant/great sword of flaming (30)]
 56814 | Orc:2    | Upgraded the game from 0.18-a0-960-g77c8fc5 to 0.18-a0-965-g9200175
 56814 | Orc:2    | Bought a scroll of recharging for 161 gold pieces
 56814 | Orc:2    | Bought a scroll of identify for 34 gold pieces
 56814 | Orc:2    | Bought a scroll of identify for 34 gold pieces
 56814 | Orc:2    | Bought a scroll of identify for 34 gold pieces
 57211 | Vaults:1 | Reached skill level 4 in Hexes
 57245 | Vaults:1 | HP: 26/90 [deep troll[an ironheart preserver] (10)]
 57245 | Vaults:1 | HP: 9/90 [deep troll[an ironheart preserver] (17)]
 57245 | Vaults:1 | Slain by a deep troll
 57246 | Vaults:1 | Reached XP level 17. HP: 0/86 MP: 28/32
 57303 | Vaults:1 | HP: 19/86 [deep troll earth mage/blast of rock fragments[an ironheart preserver] (13)]
 57307 | Vaults:1 | Killed from afar by a deep troll earth mage
 57308 | Vaults:1 | Reached XP level 16. HP: -3/82 MP: 31/31
 57343 | Vaults:1 | HP: 22/82 [deep troll[an ironheart preserver] (17)]
 57419 | Vaults:1 | Killed from afar by a deep troll earth mage

Vault maps used:
D:1:      dpeg_arrival_erosion, minmay_tree_intersection
D:2:      lemuel_round_altar, gammafunk_temple_overflow_statue,
          corexii_item_surrounded_by_moat, uniq_crazy_yiuf_cottage
D:3:      first_bread, uniq_jessica, uniq_iyjb, uniq_natasha
D:4:      uniq_edmund, uniq_blork_the_orc
D:5:      lemuel_coloured_pillars_altar, nicolae_dithmenos_shadow_blocks,
          tgw_fedhas, nicolae_overflow_hidden_temple, serial_glass,
          glass_columns_a, glass_columns_b, glass_columns_c, glass_columns_b,
          glass_columns_a, glass_columns_b, lemuel_angel_altar
D:6:      serial_shops, shop, shop, kennysheep_mini,
          nicolae_ashenzari_panopticon
D:7:      minmay_temple_entry_grid, nicolae_elemental_shop
D:8:      uniq_erolcha
D:9:      kennysheep_mini_moat, david_lair_shrubbed, orc_0_dummy, special_room,
          hangedman_fish_farm, corexii_checkpoint_b
D:10:     nicolae_trove_entry_crossroad, nrook_uturn, uniq_sonja
D:11:     special_room
D:12:     portal_ice_cave_entry_ice_beasts, serial_shops, bzr_entry_water,
          nicolae_shop_crystal, lab_entry_generic,
          minmay_misc_feat_secret_circle, hangedman_decor_diamond_cutter,
          nicolae_sextant
D:13:     kennysheep_another_room, minmay_misc_feat_square,
          nicolae_for_you_no_charge
D:14:     grunt_vaults_entry_fortified, minmay_misc_feat_four_crosses,
          uniq_nessos
D:15:     hangedman_slaughterboxes
Temple:   circular_temple_pool_12
Lair:1:   serial_bayou_shore_b, infiniplex_staircase_pool_2,
          serial_bayou_shore_a
Lair:2:   beast_lair_carwin_6, uniq_urug
Lair:3:   swamp_mist, special_room, roderic_batcave, lemuel_fruit_tree,
          grunt_megastairs_1
Lair:5:   spider_nest_entry_webs, serial_bayou_lake_a
Lair:7:   basic_altar, lemuel_another_geyser, serial_bayou_shore_b
Lair:8:   evilmike_catoblepas_cave, nicolae_slime_entry_slimehenge
Swamp:1:  hangedman_swamp_cone
Swamp:2:  serial_swamp_ruin, evilmike_swamp_ruin_rubble_2,
          evilmike_swamp_ruin_house_1, hangedman_swamp_ruin_wall
Swamp:3:  hangedman_swamp_pad, swamp_pool3,
          nicolae_swamp_feature_on_the_river_bank
Swamp:4:  swamp_alternative
Spider:1: nicolae_spider_mines_1, hangedman_spider_tarantella_strand
Spider:3: uniq_jorgrun
Spider:4: spider_rune_water
Orc:1:    hangedman_minor_magic
Orc:2:    pf_orc_diabolical, special_room, serial_shops, shop,
          nicolae_shop_overgrown_old_shop, shop_statue, shop
Vaults:1: st_octagons_1, v_rooms_2, vaults_room_stairs_pillars,
          hangedman_vaults_pinch, vaults_room_corners, vaults_room_fours,
          v_misc_33, ontoclasm_vaults_decontamination, vaults_room_fours
Bazaar:   grunt_bazaar_doublecross

Action                   |  1- 3 |  4- 6 |  7- 9 | 10-12 | 13-15 | 16-18 || total
-------------------------+-------+-------+-------+-------+-------+-------++-------
Melee: Unarmed           |   113 |   193 |   441 |   898 |  2200 |  2601 ||  6446
 Cast: Repel Missiles    |       |       |       |       |     3 |    13 ||    16
       Shroud of Golubri |       |       |       |       |    31 |   316 ||   347
       Regeneration      |       |       |       |       |       |   147 ||   147
       Blink             |       |       |       |       |       |    28 ||    28
       Swiftness         |       |       |       |       |       |     1 ||     1
       Confusing Touch   |       |       |       |       |       |    44 ||    44
       Confuse           |       |       |       |       |       |     1 ||     1
Invok: Lesser Servant of |       |       |    12 |    17 |    28 |    44 ||   101
       Minor Destruction |       |       |     4 |       |       |       ||     4
 Abil: Evoke Flight      |       |       |       |     1 |     2 |     6 ||     9
       Evoke Invisibilit |       |       |       |       |       |     6 ||     6
Evoke: Wand              |       |       |     2 |     5 |    26 |    60 ||    93
  Use: Scroll            |     4 |     2 |     9 |     8 |    14 |    11 ||    48
       Potion            |       |     2 |     3 |     3 |       |     7 ||    15
 Stab: Sleeping          |    14 |     3 |     9 |    23 |    40 |    39 ||   128
       Distracted        |       |     3 |       |     4 |     4 |    22 ||    33
       Confused          |       |       |       |       |     2 |    25 ||    27
       Paralysed         |       |       |       |       |       |     5 ||     5
       Invisible         |       |       |       |       |       |     8 ||     8
  Eat: Chunk             |    10 |     5 |    26 |    19 |    45 |    73 ||   178

Table legend:
 A = Turns spent in this place as a percentage of turns spent in the entire game.
 B = Non-inter-level travel turns spent in this place as a percentage of non-inter-level travel turns spent in the entire game.
 C = Inter-level travel turns spent in this place as a percentage of turns spent in this place.
 D = Turns resting spent in this place as a percentage of non-inter-level travel turns spent in this place.
 E = Turns spent auto-exploring this place as a percentage of non-inter-level travel turns spent in this place.
 F = Non-inter-level travel turns spent in this place divided by the number of levels of this place that you've seen.
                   A       B       C       D       E      F
               +-------+-------+-------+-------+-------+----------------------
         Total | 100.0 | 100.0 |   0.4 |   2.5 |   2.3 | 782.8
       Dungeon |  36.5 |  36.4 |   0.6 |   2.1 |   3.0 | 703.3
        Temple |   0.0 |   0.0 |   0.0 |  15.4 |   0.0 |  13.0
          Lair |  20.6 |  20.6 |   0.5 |   2.7 |   3.0 | 745.0
         Swamp |  10.7 |  10.7 |   0.3 |   1.8 |   1.6 | 774.5
   Spider Nest |  14.3 |  14.3 |   0.2 |   3.7 |   1.8 | 1036.8
  Orcish Mines |  10.4 |  10.4 |   0.3 |   3.5 |   0.7 | 1510.5
        Vaults |   3.9 |   3.9 |   0.2 |   1.8 |   0.9 | 1127.0
     Labyrinth |   3.3 |   3.3 |   0.0 |   0.0 |   0.0 | 956.0
        Bazaar |   0.3 |   0.3 |   0.0 |   0.0 |   0.0 |  93.0
               +-------+-------+-------+-------+-------+----------------------

Vault maps used:
D:1:      dpeg_arrival_erosion, minmay_tree_intersection
D:2:      lemuel_round_altar, gammafunk_temple_overflow_statue,
          corexii_item_surrounded_by_moat, uniq_crazy_yiuf_cottage
D:3:      first_bread, uniq_jessica, uniq_iyjb, uniq_natasha
D:4:      uniq_edmund, uniq_blork_the_orc
D:5:      lemuel_coloured_pillars_altar, nicolae_dithmenos_shadow_blocks,
          tgw_fedhas, nicolae_overflow_hidden_temple, serial_glass,
          glass_columns_a, glass_columns_b, glass_columns_c, glass_columns_b,
          glass_columns_a, glass_columns_b, lemuel_angel_altar
D:6:      serial_shops, shop, shop, kennysheep_mini,
          nicolae_ashenzari_panopticon
D:7:      minmay_temple_entry_grid, nicolae_elemental_shop
D:8:      uniq_erolcha
D:9:      kennysheep_mini_moat, david_lair_shrubbed, orc_0_dummy, special_room,
          hangedman_fish_farm, corexii_checkpoint_b
D:10:     nicolae_trove_entry_crossroad, nrook_uturn, uniq_sonja
D:11:     special_room
D:12:     portal_ice_cave_entry_ice_beasts, serial_shops, bzr_entry_water,
          nicolae_shop_crystal, lab_entry_generic,
          minmay_misc_feat_secret_circle, hangedman_decor_diamond_cutter,
          nicolae_sextant
D:13:     kennysheep_another_room, minmay_misc_feat_square,
          nicolae_for_you_no_charge
D:14:     grunt_vaults_entry_fortified, minmay_misc_feat_four_crosses,
          uniq_nessos
D:15:     hangedman_slaughterboxes
Temple:   circular_temple_pool_12
Lair:1:   serial_bayou_shore_b, infiniplex_staircase_pool_2,
          serial_bayou_shore_a
Lair:2:   beast_lair_carwin_6, uniq_urug
Lair:3:   swamp_mist, special_room, roderic_batcave, lemuel_fruit_tree,
          grunt_megastairs_1
Lair:5:   spider_nest_entry_webs, serial_bayou_lake_a
Lair:7:   basic_altar, lemuel_another_geyser, serial_bayou_shore_b
Lair:8:   evilmike_catoblepas_cave, nicolae_slime_entry_slimehenge
Swamp:1:  hangedman_swamp_cone
Swamp:2:  serial_swamp_ruin, evilmike_swamp_ruin_rubble_2,
          evilmike_swamp_ruin_house_1, hangedman_swamp_ruin_wall
Swamp:3:  hangedman_swamp_pad, swamp_pool3,
          nicolae_swamp_feature_on_the_river_bank
Swamp:4:  swamp_alternative
Spider:1: nicolae_spider_mines_1, hangedman_spider_tarantella_strand
Spider:3: uniq_jorgrun
Spider:4: spider_rune_water
Orc:1:    hangedman_minor_magic
Orc:2:    pf_orc_diabolical, special_room, serial_shops, shop,
          nicolae_shop_overgrown_old_shop, shop_statue, shop
Vaults:1: st_octagons_1, v_rooms_2, vaults_room_stairs_pillars,
          hangedman_vaults_pinch, vaults_room_corners, vaults_room_fours,
          v_misc_33, ontoclasm_vaults_decontamination, vaults_room_fours
Bazaar:   grunt_bazaar_doublecross
